Capitals vs Canadiens

Created - 19 mars 2018 at 17:50

Goals
1 2 3 T
Capitals 0 0 0 0
Canadiens 0 5 1 6
Shots
1 2 3 T
Capitals 8 11 11 30
Canadiens 7 15 9 31

1st period

No Goal

Penalties :
Cam Fowler (MTL) for Tripping (Minor) at 0:15, Ryan McDonagh (WSH) for Tripping (Minor) at 5:37, Cam Fowler (MTL) for Hooking (Minor) at 11:19, Ryan McDonagh (WSH) for Holding (Minor) at 13:25

2nd period

1. Canadiens , Jordan Eberle 28 (John Tavares 52, Josh Morrissey 14) at 4:07
2. Canadiens , Gustav Nyquist 21 (Jakob Silfverberg 41) at 4:26
3. Canadiens , John Tavares 26 (Marcus Johansson 38, Jay Bouwmeester 27) at 8:23
4. Canadiens , Jay Bouwmeester 10 (Teuvo Teravainen 19, Mike Ribeiro 28) at 10:29
5. Canadiens , Ian Cole 5 (Jakob Silfverberg 42, Auston Matthews 41) at 16:14

Penalties :
John Tavares (MTL) for Hooking (Minor) at 1:37, Adam Larsson (MTL) for Hooking (Minor) at 12:09, Dmitri Orlov (WSH) for High sticking (Minor) at 12:09, Jack Johnson (WSH) for Holding (Minor) at 17:27, Jack Johnson (WSH) for High sticking (Minor) at 19:47

3rd period

6. Canadiens , Teuvo Teravainen 13 (Mike Ribeiro 29, Cam Fowler 43) at 11:44

Penalties :
Ryan McDonagh (WSH) for Roughing (Minor) at 1:48, Ryan McDonagh (WSH) for Holding (Minor) at 4:30, Adam Larsson (MTL) for Tripping (Minor) at 14:56

Goalie Stats

Robin Lehner (WSH), 10 saves from 14 shots - (0.714), L, 16-15-2, 30:29 minutes
Chris Driedger (WSH), 15 saves from 17 shots - (0.882), 29:31 minutes
Jonathan Bernier (MTL), 30 saves from 30 shots - (1.000), W, 6-5-3, 60:00 minutes

Players Stats for Capitals

Player Name              G  A  P  +/- PIM S  H  SB GA TA FO     MP     PP MP  PK MP  
------------------------------------------------------------------------------------
Alexander Ovechkin       0  0  0   0  0   7  1  0  0  0  2/8    23:11   3:57   4:20 
Brandon Davidson         0  0  0   0  0   0  0  0  0  0  0/0     2:41   0:00   1:52 
Calvin de Haan           0  0  0  -3  0   0  1  4  0  0  0/0    21:51   1:19   6:23 
Cody Eakin               0  0  0  -2  0   4  3  0  0  0  1/2    21:54   3:38   6:09 
David Desharnais         0  0  0  -3  0   1  0  0  0  0  4/12   20:13   3:38   6:04 
Derek Dorsett            0  0  0  -1  0   0  0  0  0  0  1/2     7:45   0:21   0:00 
Dmitri Orlov             0  0  0  -1  2   1  2  2  0  0  0/0    18:33   4:18   3:52 
Jack Johnson             0  0  0  -1  4   0  0  0  0  0  0/0    17:47   2:19   3:58 
Lukas Sedlak             0  0  0  -3  0   1  1  0  0  0  0/0     9:11   0:00   0:00 
Mathieu Perreault        0  0  0  -2  0   4  0  0  0  0  1/9    11:06   0:00   0:00 
Mike Blunden             0  0  0  -1  0   0  0  0  0  0  0/0     6:50   0:00   0:00 
Mike Green               0  0  0  -4  0   3  3  2  0  0  0/0    22:18   3:47   5:27 
Morgan Rielly            0  0  0  -1  0   1  0  0  0  0  0/0    12:00   0:00   0:00 
Ryan Kesler              0  0  0  -1  0   5  1  0  0  0  17/29  23:34   4:18   1:53 
Ryan McDonagh            0  0  0  -2  8   0  1  0  0  0  0/0    24:43   4:09   2:16 
Sergey Kalinin           0  0  0  -3  0   0  3  1  0  0  4/12    7:11   0:21   0:34 
Taylor Hall              0  0  0   0  0   2  0  0  0  0  2/8    20:42   3:57   4:48 
Viktor Stalberg          0  0  0  -2  0   1  6  0  0  0  4/8    14:30   3:38   0:00 

Players Stats for Canadiens

Player Name              G  A  P  +/- PIM S  H  SB GA TA FO     MP     PP MP  PK MP  
------------------------------------------------------------------------------------
Adam Larsson             0  0  0   1  4   1  0  0  0  0  0/0    21:24   5:25   3:35 
Artturi Lehkonen         0  0  0   2  0   1  1  0  0  0  0/1    11:05   1:12   0:30 
Auston Matthews          0  1  1   2  0   2  3  0  0  0  8/20   18:25   6:17   0:06 
Cam Fowler               0  1  1   3  4   4  1  0  0  0  0/0    22:06   5:53   2:15 
Gustav Nyquist           1  0  1   2  0   3  0  0  0  0  1/1    10:32   0:00   0:00 
Ian Cole                 1  0  1   1  0   1  1  2  0  0  0/0    17:48   1:45   3:45 
Ivan Provorov            0  0  0   2  0   2  1  3  0  0  0/0    20:23   4:55   1:58 
Jakob Silfverberg        0  2  2   2  0   3  0  0  0  0  3/3    20:49   4:50   3:56 
Jay Bouwmeester          1  1  2   3  0   1  4  0  0  0  0/0    19:03   0:00   4:13 
John Tavares             1  1  2   2  2   3  0  0  0  0  19/27  18:32   6:28   0:00 
Jordan Eberle            1  0  1   2  0   5  0  0  0  0  0/0    18:28   6:17   0:00 
Josh Morrissey           0  1  1   2  0   1  0  0  0  0  0/0    19:12   5:50   0:06 
Justin Abdelkader        0  0  0   0  0   0  3  0  0  0  0/1    10:21   0:47   3:30 
Marcus Johansson         0  1  1   2  0   2  0  0  0  0  0/2    17:06   5:01   0:00 
Mike Ribeiro             0  2  2   2  0   0  1  0  0  0  14/18  14:13   4:50   0:00 
Nick Shore               0  0  0   0  0   1  0  1  0  0  4/10   10:10   0:00   3:30 
Teuvo Teravainen         1  1  2   2  0   1  0  0  0  0  1/1     9:23   0:00   0:00 
Zack Smith               0  0  0   0  0   0  2  0  0  0  4/6    11:00   0:00   4:20 

3 Stars

1 - Jonathan Bernier (MTL)
2 - Jay Bouwmeester (MTL)
3 - Teuvo Teravainen (MTL)

Power Play

Capitals - 0 on 4 Attempt(s) - 0.00%
Canadiens - 0 on 6 Attempt(s) - 0.00%

Penalty Kill

Capitals - 6 on 6 Attempt(s) - 100.00% - Score 0 goal in Penalty Kill
Canadiens - 4 on 4 Attempt(s) - 100.00% - Score 0 goal in Penalty Kill

Team Stat

Capitals - Hits : 22 - Faceoff Wins : 36 - Blocked Shots : 9 - Penalty Minutes : 14
Canadiens - Hits : 17 - Faceoff Wins : 54 - Blocked Shots : 6 - Penalty Minutes : 10

Official

Referees : Chris Lee and Trevor Hanson
Linesman : Derek Nansen and Andy McElman

Game Notes

Chris Driedger enters game at 10:29 of 2nd period
Jack Johnson is injured at 5:31 of 3rd period (Sore Right Knee)
Sergey Kalinin is injured at 9:31 of 3rd period (Bruised Left Shoulder)

Finance

Level 1 -- Attendance: 6466 (99.48%) -- Ticket Income 711 260 $
Level 2 -- Attendance: 4693 (93.86%) -- Ticket Income 351 975 $
Level 3 -- Attendance: 3369 (96.26%) -- Ticket Income 185 295 $
Level 4 -- Attendance: 2440 (46.15%) -- Ticket Income 85 400 $
Luxury Box -- Attendance: 1000 (100.00%) -- Ticket Income 199 000 $
Game was played at the Bell Centre.
Total Attendance: 17968 (84.41%)
Total Ticket Income: 1 532 930 $
Other Income: 229 940 $
Total Income: 1 762 870 $

% Time on Ice - Capitals

Lines # - Real PCT - Wanted PCT - Time Play
Normal Forward
1 - 30% - 40% - 11:18
2 - 24% - 30% - 9:11
3 - 28% - 20% - 10:52
4 - 18% - 10% - 6:50
Normal Defense
1 - 41% - 40% - 15:39
2 - 28% - 30% - 10:32
3 - 25% - 20% - 9:29
4 - 7% - 10% - 2:31
PP Forward
1 - 54% - 60% - 4:18
2 - 46% - 40% - 3:38
PP Defense
1 - 52% - 60% - 4:09
2 - 48% - 40% - 3:47
PK Forward
1 - 70% - 60% - 8:17
2 - 30% - 40% - 3:37
PK Defense
1 - 69% - 60% - 8:16
2 - 31% - 40% - 3:38
PK3 Forward
1 - 0% - 60%
2 - 0% - 40%
PK3 Defense
1 - 0% - 60%
2 - 0% - 40%
44 Forward
1 - 81% - 60% - 1:36
2 - 19% - 40% - 0:23
44 Defense
1 - 87% - 60% - 1:43
2 - 13% - 40% - 0:16
Last Minute Offensive  - 0:00
Last Minute Defensive  - 0:00
Total
Forward - 60:00
Defense - 60:00

% Time on Ice - Canadiens

Lines # - Real PCT - Wanted PCT - Time Play
Normal Forward
1 - 30% - 35% - 11:36
2 - 28% - 35% - 10:32
3 - 25% - 20% - 9:23
4 - 17% - 10% - 6:40
Normal Defense
1 - 33% - 35% - 12:30
2 - 32% - 35% - 12:18
3 - 33% - 25% - 12:47
4 - 2% - 5% - 0:36
PP Forward
1 - 59% - 55% - 7:04
2 - 41% - 45% - 4:50
PP Defense
1 - 51% - 50% - 6:04
2 - 49% - 50% - 5:50
PK Forward
1 - 56% - 55% - 4:26
2 - 44% - 45% - 3:30
PK Defense
1 - 54% - 55% - 4:17
2 - 46% - 45% - 3:39
PK3 Forward
1 - 0% - 60%
2 - 0% - 40%
PK3 Defense
1 - 0% - 55%
2 - 0% - 45%
44 Forward
1 - 24% - 50% - 0:29
2 - 76% - 50% - 1:30
44 Defense
1 - 76% - 50% - 1:30
2 - 24% - 50% - 0:29
Last Minute Offensive  - 0:00
Last Minute Defensive  - 0:00
Total
Forward - 60:00
Defense - 60:00

Play by Play

1st period


0:01 of 1st period - John Tavares wins face-off versus Ryan Kesler in neutral zone.
0:15 of 1st period - Minor Penalty to Cam Fowler for Tripping.
0:16 of 1st period - Zack Smith wins face-off versus Viktor Stalberg in Canadiens zone.
0:30 of 1st period - Icing by Dmitri Orlov.
0:31 of 1st period - Viktor Stalberg wins face-off versus Nick Shore in Capitals zone.
0:46 of 1st period - Shot by Dmitri Orlov.
0:46 of 1st period - Shot Blocked by Nick Shore.
0:48 of 1st period - Shot by Cody Eakin.
0:48 of 1st period - Stopped by Jonathan Bernier without a rebound.
0:49 of 1st period - Jakob Silfverberg wins face-off versus Ryan Kesler in Canadiens zone.
1:06 of 1st period - Shot by Alexander Ovechkin.
1:06 of 1st period - Stopped by Jonathan Bernier without a rebound.
1:07 of 1st period - Nick Shore wins face-off versus Ryan Kesler in Canadiens zone.
1:58 of 1st period - Shot by Dmitri Orlov.
1:58 of 1st period - Stopped by Jonathan Bernier without a rebound.
1:59 of 1st period - Zack Smith wins face-off versus Viktor Stalberg in Canadiens zone.
1:59 of 1st period - Zack Smith is hit by Viktor Stalberg.
2:06 of 1st period - Icing by Dmitri Orlov.
2:07 of 1st period - Viktor Stalberg wins face-off versus Nick Shore in Capitals zone.
2:23 of 1st period - Icing by Ivan Provorov.
2:24 of 1st period - John Tavares wins face-off versus Ryan Kesler in Canadiens zone.
2:45 of 1st period - Shot by Marcus Johansson.
2:45 of 1st period - Shot Misses the Net.
3:17 of 1st period - Ivan Provorov is hit by Sergey Kalinin and loses puck.
3:22 of 1st period - Shot by David Desharnais.
3:22 of 1st period - Stopped by Jonathan Bernier with a rebound.
3:24 of 1st period - Shot by Ryan McDonagh.
3:24 of 1st period - Shot Blocked by Ivan Provorov.
3:58 of 1st period - Shot by Viktor Stalberg.
3:58 of 1st period - Shot Blocked by Ivan Provorov.
4:00 of 1st period - Shot by Mathieu Perreault.
4:00 of 1st period - Stopped by Jonathan Bernier without a rebound.
4:01 of 1st period - Ryan Kesler wins face-off versus Auston Matthews in Canadiens zone.
4:37 of 1st period - Shot by Auston Matthews.
4:37 of 1st period - Shot Blocked by Mike Green.
4:53 of 1st period - Shot by Mathieu Perreault.
4:53 of 1st period - Shot Blocked by Ian Cole.
5:01 of 1st period - Shot by Mathieu Perreault.
5:01 of 1st period - Shot Misses the Net.
5:03 of 1st period - Shot by Morgan Rielly.
5:03 of 1st period - Deflect By Mathieu Perreault.
5:03 of 1st period - Shot Misses the Net.
5:05 of 1st period - Shot by Cody Eakin.
5:05 of 1st period - Stopped by Jonathan Bernier without a rebound.
5:06 of 1st period - Sergey Kalinin wins face-off versus Mike Ribeiro in Canadiens zone.
5:06 of 1st period - Sergey Kalinin is hit by Jay Bouwmeester.
5:37 of 1st period - Minor Penalty to Ryan McDonagh for Tripping.
5:38 of 1st period - John Tavares wins face-off versus David Desharnais in Capitals zone.
5:54 of 1st period - Off-side.
5:55 of 1st period - Mike Ribeiro wins face-off versus Taylor Hall in neutral zone.
5:55 of 1st period - Mike Ribeiro is hit by Cody Eakin.
6:36 of 1st period - Icing by Adam Larsson.
6:37 of 1st period - Mike Ribeiro wins face-off versus Taylor Hall in Canadiens zone.
7:01 of 1st period - Shot by John Tavares.
7:01 of 1st period - Shot Misses the Net.
7:03 of 1st period - Shot by Auston Matthews.
7:03 of 1st period - Shot Misses the Net.
7:05 of 1st period - Shot by Ivan Provorov.
7:05 of 1st period - Stopped by Robin Lehner with a rebound.
7:22 of 1st period - Icing by Cam Fowler.
7:23 of 1st period - John Tavares wins face-off versus Taylor Hall in Canadiens zone.
7:27 of 1st period - Off-side.
7:28 of 1st period - Mike Ribeiro wins face-off versus Alexander Ovechkin in neutral zone.
7:39 of 1st period - Shot by Justin Abdelkader.
7:39 of 1st period - Shot Misses the Net.
7:50 of 1st period - Shot by Ryan Kesler.
7:50 of 1st period - Shot Misses the Net.
7:52 of 1st period - Shot by Ryan McDonagh.
7:52 of 1st period - Shot Misses the Net.
7:54 of 1st period - Shot by Ryan Kesler.
7:54 of 1st period - Shot Misses the Net.
8:23 of 1st period - Justin Abdelkader is hit by Viktor Stalberg and loses puck.
9:30 of 1st period - Shot by Jakob Silfverberg.
9:30 of 1st period - Stopped by Robin Lehner without a rebound.
9:31 of 1st period - Mike Ribeiro wins face-off versus Ryan Kesler in Capitals zone.
10:26 of 1st period - Shot by Mathieu Perreault.
10:26 of 1st period - Stopped by Jonathan Bernier without a rebound.
10:27 of 1st period - Auston Matthews wins face-off versus Sergey Kalinin in Canadiens zone.
10:27 of 1st period - Auston Matthews is hit by Sergey Kalinin.
10:36 of 1st period - Icing by Calvin de Haan.
10:37 of 1st period - Sergey Kalinin wins face-off versus John Tavares in Capitals zone.
10:47 of 1st period - Icing by Cam Fowler.
10:48 of 1st period - John Tavares wins face-off versus Mathieu Perreault in Canadiens zone.
10:48 of 1st period - John Tavares is hit by Viktor Stalberg.
10:54 of 1st period - Shot by Mathieu Perreault.
10:54 of 1st period - Shot Misses the Net.
10:56 of 1st period - Shot by Mathieu Perreault.
10:56 of 1st period - Shot Misses the Net.
11:02 of 1st period - Shot by Viktor Stalberg.
11:02 of 1st period - Stopped by Jonathan Bernier without a rebound.
11:03 of 1st period - Ryan Kesler wins face-off versus Auston Matthews in Canadiens zone.
11:19 of 1st period - Minor Penalty to Cam Fowler for Hooking.
11:20 of 1st period - David Desharnais wins face-off versus Zack Smith in Canadiens zone.
13:25 of 1st period - Minor Penalty to Ryan McDonagh for Holding.
13:26 of 1st period - John Tavares wins face-off versus David Desharnais in Capitals zone.
13:29 of 1st period - Shot by John Tavares.
13:29 of 1st period - Shot Misses the Net.
13:31 of 1st period - Shot by Josh Morrissey.
13:31 of 1st period - Shot Misses the Net.
13:33 of 1st period - Shot by Josh Morrissey.
13:33 of 1st period - Stopped by Robin Lehner without a rebound.
13:34 of 1st period - David Desharnais wins face-off versus John Tavares in Capitals zone.
14:29 of 1st period - Shot by Josh Morrissey.
14:29 of 1st period - Shot Blocked by Mike Green.
14:47 of 1st period - Josh Morrissey is hit by Alexander Ovechkin and loses puck.
15:28 of 1st period - Ryan McDonagh is hit by Cam Fowler and loses puck.
15:32 of 1st period - Ryan Kesler is hit by Jay Bouwmeester and loses puck.
16:40 of 1st period - Viktor Stalberg is hit by Artturi Lehkonen and loses puck.
18:19 of 1st period - Shot by Auston Matthews.
18:19 of 1st period - Stopped by Robin Lehner with a rebound.
18:21 of 1st period - Shot by Jakob Silfverberg.
18:21 of 1st period - Stopped by Robin Lehner without a rebound.
18:22 of 1st period - Teuvo Teravainen wins face-off versus Sergey Kalinin in Capitals zone.
18:25 of 1st period - Shot by Artturi Lehkonen.
18:25 of 1st period - Stopped by Robin Lehner without a rebound.
18:26 of 1st period - Mike Ribeiro wins face-off versus Derek Dorsett in Capitals zone.
18:43 of 1st period - Shot by Cam Fowler.
18:43 of 1st period - Stopped by Robin Lehner with a rebound.
Goals for this period are 0 for Capitals vs 0 for Canadiens.
Shots for this period are 8 for Capitals vs 7 for Canadiens.

2nd period


0:01 of 2nd period - Ryan Kesler wins face-off versus Auston Matthews in neutral zone.
0:05 of 2nd period - Icing by Cam Fowler.
0:06 of 2nd period - Ryan Kesler wins face-off versus Auston Matthews in Canadiens zone.
0:11 of 2nd period - Shot by Alexander Ovechkin.
0:11 of 2nd period - Stopped by Jonathan Bernier without a rebound.
0:12 of 2nd period - Auston Matthews wins face-off versus Ryan Kesler in Canadiens zone.
0:44 of 2nd period - Ryan Kesler is hit by Auston Matthews and loses puck.
1:37 of 2nd period - Minor Penalty to John Tavares for Hooking.
1:38 of 2nd period - Nick Shore wins face-off versus Viktor Stalberg in Canadiens zone.
1:54 of 2nd period - Ian Cole is hit by Cody Eakin and loses puck.
2:03 of 2nd period - Shot by Mike Green.
2:03 of 2nd period - Stopped by Jonathan Bernier without a rebound.
2:04 of 2nd period - Ryan Kesler wins face-off versus Nick Shore in Canadiens zone.
3:08 of 2nd period - Nick Shore is hit by Viktor Stalberg and loses puck.
3:22 of 2nd period - Icing by Ryan McDonagh.
3:23 of 2nd period - Ryan Kesler wins face-off versus Zack Smith in Capitals zone.
3:34 of 2nd period - Derek Dorsett is hit by Zack Smith and loses puck.
3:44 of 2nd period - Icing by Ivan Provorov.
3:45 of 2nd period - John Tavares wins face-off versus Sergey Kalinin in Canadiens zone.
3:45 of 2nd period - John Tavares is hit by Sergey Kalinin.
3:58 of 2nd period - Marcus Johansson is hit by Lukas Sedlak and loses puck.
4:05 of 2nd period - Shot by John Tavares.
4:05 of 2nd period - Shot Blocked by Sergey Kalinin.
4:07 of 2nd period - Shot by Jordan Eberle.
4:07 of 2nd period - Goal by Jordan Eberle - Capitals : 0 - Canadiens : 1.
4:08 of 2nd period - Mike Ribeiro wins face-off versus Ryan Kesler in neutral zone.
4:19 of 2nd period - Shot by Alexander Ovechkin.
4:19 of 2nd period - Stopped by Jonathan Bernier without a rebound.
4:20 of 2nd period - Gustav Nyquist wins face-off versus Mathieu Perreault in Canadiens zone.
4:20 of 2nd period - Gustav Nyquist is hit by Viktor Stalberg.
4:26 of 2nd period - Shot by Jakob Silfverberg.
4:26 of 2nd period - Deflect By Gustav Nyquist.
4:26 of 2nd period - Goal by Gustav Nyquist - Capitals : 0 - Canadiens : 2.
4:27 of 2nd period - Ryan Kesler wins face-off versus Auston Matthews in neutral zone.
4:34 of 2nd period - Shot by Alexander Ovechkin.
4:34 of 2nd period - Deflect By Ryan Kesler.
4:34 of 2nd period - Stopped by Jonathan Bernier without a rebound.
4:35 of 2nd period - Auston Matthews wins face-off versus Ryan Kesler in Canadiens zone.
4:57 of 2nd period - Shot by Jakob Silfverberg.
4:57 of 2nd period - Stopped by Robin Lehner without a rebound.
4:58 of 2nd period - John Tavares wins face-off versus Sergey Kalinin in Capitals zone.
4:58 of 2nd period - Cam Fowler is hit by Mike Green and loses puck.
5:17 of 2nd period - Shot by John Tavares.
5:17 of 2nd period - Shot Misses the Net.
5:40 of 2nd period - Mike Green is hit by Jay Bouwmeester and loses puck.
6:11 of 2nd period - Shot by Taylor Hall.
6:11 of 2nd period - Stopped by Jonathan Bernier without a rebound.
6:12 of 2nd period - Mike Ribeiro wins face-off versus Mathieu Perreault in Canadiens zone.
6:49 of 2nd period - Shot by Artturi Lehkonen.
6:49 of 2nd period - Shot Misses the Net.
7:33 of 2nd period - Shot by Alexander Ovechkin.
7:33 of 2nd period - Stopped by Jonathan Bernier without a rebound.
7:34 of 2nd period - Auston Matthews wins face-off versus Sergey Kalinin in Canadiens zone.
7:46 of 2nd period - Shot by Mike Green.
7:46 of 2nd period - Stopped by Jonathan Bernier without a rebound.
7:47 of 2nd period - Ryan Kesler wins face-off versus John Tavares in Canadiens zone.
8:01 of 2nd period - Icing by Cam Fowler.
8:02 of 2nd period - John Tavares wins face-off versus Sergey Kalinin in Canadiens zone.
8:21 of 2nd period - Shot by Marcus Johansson.
8:21 of 2nd period - Shot Misses the Net.
8:23 of 2nd period - Shot by John Tavares.
8:23 of 2nd period - Goal by John Tavares - Capitals : 0 - Canadiens : 3.
8:24 of 2nd period - Ryan Kesler wins face-off versus Auston Matthews in neutral zone.
8:43 of 2nd period - Off-side.
8:44 of 2nd period - Nick Shore wins face-off versus Mathieu Perreault in neutral zone.
8:49 of 2nd period - Calvin de Haan is hit by Justin Abdelkader and loses puck.
9:16 of 2nd period - Shot by Mathieu Perreault.
9:16 of 2nd period - Shot Misses the Net.
9:29 of 2nd period - Icing by Nick Shore.
9:30 of 2nd period - Ryan Kesler wins face-off versus Nick Shore in Canadiens zone.
9:31 of 2nd period - Shot by Taylor Hall.
9:31 of 2nd period - Deflect By Alexander Ovechkin.
9:31 of 2nd period - Stopped by Jonathan Bernier without a rebound.
9:32 of 2nd period - Taylor Hall wins face-off versus Auston Matthews in Canadiens zone.
10:07 of 2nd period - Shot by Gustav Nyquist.
10:07 of 2nd period - Stopped by Robin Lehner without a rebound.
10:08 of 2nd period - Sergey Kalinin wins face-off versus Marcus Johansson in Capitals zone.
10:17 of 2nd period - Shot by Jordan Eberle.
10:17 of 2nd period - Stopped by Robin Lehner without a rebound.
10:18 of 2nd period - Mike Ribeiro wins face-off versus Viktor Stalberg in Capitals zone.
10:27 of 2nd period - Shot by Teuvo Teravainen.
10:27 of 2nd period - Shot Misses the Net.
10:29 of 2nd period - Shot by Jay Bouwmeester.
10:29 of 2nd period - Goal by Jay Bouwmeester - Capitals : 0 - Canadiens : 4.
10:29 of 2nd period - Chris Driedger enters game.
10:30 of 2nd period - Ryan Kesler wins face-off versus John Tavares in neutral zone.
10:39 of 2nd period - Shot by Ryan Kesler.
10:39 of 2nd period - Shot Misses the Net.
10:42 of 2nd period - Icing by Jordan Eberle.
10:43 of 2nd period - John Tavares wins face-off versus Sergey Kalinin in Canadiens zone.
11:58 of 2nd period - Shot by Alexander Ovechkin.
11:58 of 2nd period - Stopped by Jonathan Bernier without a rebound.
11:59 of 2nd period - Auston Matthews wins face-off versus Mathieu Perreault in Canadiens zone.
12:08 of 2nd period - Shot by Auston Matthews.
12:08 of 2nd period - Shot Misses the Net.
12:09 of 2nd period - Minor Penalty to Adam Larsson for Hooking.
12:09 of 2nd period - Minor Penalty to Dmitri Orlov for High sticking.
12:10 of 2nd period - Auston Matthews wins face-off versus David Desharnais in Capitals zone.
12:21 of 2nd period - Shot by Auston Matthews.
12:21 of 2nd period - Stopped by Chris Driedger without a rebound.
12:22 of 2nd period - Alexander Ovechkin wins face-off versus Auston Matthews in Capitals zone.
13:17 of 2nd period - Icing by John Tavares.
13:18 of 2nd period - John Tavares wins face-off versus Taylor Hall in Canadiens zone.
13:31 of 2nd period - Shot by John Tavares.
13:31 of 2nd period - Shot Misses the Net.
13:33 of 2nd period - Shot by John Tavares.
13:33 of 2nd period - Stopped by Chris Driedger without a rebound.
13:34 of 2nd period - David Desharnais wins face-off versus Auston Matthews in Capitals zone.
13:34 of 2nd period - David Desharnais is hit by Auston Matthews.
14:05 of 2nd period - Shot by Jay Bouwmeester.
14:05 of 2nd period - Shot Misses the Net.
14:41 of 2nd period - Shot by Cody Eakin.
14:41 of 2nd period - Stopped by Jonathan Bernier without a rebound.
14:42 of 2nd period - Derek Dorsett wins face-off versus Mike Ribeiro in Canadiens zone.
15:09 of 2nd period - Shot by Mike Ribeiro.
15:09 of 2nd period - Shot Blocked by Calvin de Haan.
15:11 of 2nd period - Shot by Ivan Provorov.
15:11 of 2nd period - Stopped by Chris Driedger without a rebound.
15:12 of 2nd period - Viktor Stalberg wins face-off versus John Tavares in Capitals zone.
15:33 of 2nd period - Shot by Mathieu Perreault.
15:33 of 2nd period - Stopped by Jonathan Bernier without a rebound.
15:34 of 2nd period - Jakob Silfverberg wins face-off versus Alexander Ovechkin in Canadiens zone.
16:04 of 2nd period - Icing by Ian Cole.
16:05 of 2nd period - Auston Matthews wins face-off versus Sergey Kalinin in Canadiens zone.
16:10 of 2nd period - Shot by Gustav Nyquist.
16:10 of 2nd period - Stopped by Chris Driedger with a rebound.
16:12 of 2nd period - Shot by Auston Matthews.
16:12 of 2nd period - Deflect By Jakob Silfverberg.
16:12 of 2nd period - Shot Misses the Net.
16:14 of 2nd period - Shot by Ian Cole.
16:14 of 2nd period - Goal by Ian Cole - Capitals : 0 - Canadiens : 5.
16:15 of 2nd period - John Tavares wins face-off versus Mathieu Perreault in neutral zone.
16:47 of 2nd period - John Tavares is hit by Dmitri Orlov and loses puck.
16:50 of 2nd period - Shot by Cam Fowler.
16:50 of 2nd period - Stopped by Chris Driedger with a rebound.
16:57 of 2nd period - Marcus Johansson is hit by Dmitri Orlov and loses puck.
17:27 of 2nd period - Minor Penalty to Jack Johnson for Holding.
17:28 of 2nd period - David Desharnais wins face-off versus Mike Ribeiro in Capitals zone.
17:50 of 2nd period - Jakob Silfverberg is hit by Ryan McDonagh.
18:14 of 2nd period - Shot by John Tavares.
18:14 of 2nd period - Shot Blocked by Calvin de Haan.
18:16 of 2nd period - Shot by John Tavares.
18:16 of 2nd period - Shot Misses the Net.
18:18 of 2nd period - Shot by Cam Fowler.
18:18 of 2nd period - Stopped by Chris Driedger without a rebound.
18:19 of 2nd period - Ryan Kesler wins face-off versus John Tavares in Capitals zone.
18:42 of 2nd period - Shot by John Tavares.
18:42 of 2nd period - Shot Blocked by Dmitri Orlov.
18:44 of 2nd period - Shot by Ivan Provorov.
18:44 of 2nd period - Shot Blocked by Dmitri Orlov.
18:47 of 2nd period - Auston Matthews is hit by Mike Green and loses puck.
19:01 of 2nd period - Jakob Silfverberg is hit by Mike Green and loses puck.
19:04 of 2nd period - Shot by Adam Larsson.
19:04 of 2nd period - Stopped by Chris Driedger without a rebound.
19:05 of 2nd period - Jakob Silfverberg wins face-off versus Alexander Ovechkin in Capitals zone.
19:47 of 2nd period - Minor Penalty to Jack Johnson for High sticking.
19:48 of 2nd period - John Tavares wins face-off versus David Desharnais in Capitals zone.
Goals for this period are 0 for Capitals vs 5 for Canadiens.
Shots for this period are 11 for Capitals vs 15 for Canadiens.

3rd period


0:01 of 3rd period - John Tavares wins face-off versus David Desharnais in neutral zone.
0:01 of 3rd period - Auston Matthews is hit by Cody Eakin and loses puck.
0:12 of 3rd period - Shot by John Tavares.
0:12 of 3rd period - Stopped by Chris Driedger with a rebound.
0:14 of 3rd period - Shot by Josh Morrissey.
0:14 of 3rd period - Shot Blocked by Calvin de Haan.
0:16 of 3rd period - Shot by Jordan Eberle.
0:16 of 3rd period - Stopped by Chris Driedger without a rebound.
0:17 of 3rd period - Mike Ribeiro wins face-off versus David Desharnais in Capitals zone.
1:48 of 3rd period - Shot by Cam Fowler.
1:48 of 3rd period - Stopped by Chris Driedger without a rebound.
1:48 of 3rd period - Minor Penalty to Ryan McDonagh for Roughing.
1:49 of 3rd period - John Tavares wins face-off versus David Desharnais in Capitals zone.
3:08 of 3rd period - Cody Eakin is hit by Justin Abdelkader and loses puck.
3:23 of 3rd period - Shot by Ryan Kesler.
3:23 of 3rd period - Shot Misses the Net.
3:25 of 3rd period - Shot by Ryan Kesler.
3:25 of 3rd period - Shot Misses the Net.
3:27 of 3rd period - Shot by Ryan Kesler.
3:27 of 3rd period - Shot Blocked by Ian Cole.
4:30 of 3rd period - Minor Penalty to Ryan McDonagh for Holding.
4:31 of 3rd period - Cody Eakin wins face-off versus Marcus Johansson in Capitals zone.
4:31 of 3rd period - Mike Green is hit by Auston Matthews and loses puck.
4:52 of 3rd period - Shot by Marcus Johansson.
4:52 of 3rd period - Deflect By Jordan Eberle.
4:52 of 3rd period - Shot Misses the Net.
5:20 of 3rd period - Shot by Mike Ribeiro.
5:20 of 3rd period - Shot Misses the Net.
5:30 of 3rd period - Jack Johnson is hit by Mike Ribeiro and loses puck.
5:31 of 3rd period - Jack Johnson from Capitals is injured at 5:31 of 3rd period (Sore Right Knee).
5:32 of 3rd period - John Tavares wins face-off versus David Desharnais in Capitals zone.
5:33 of 3rd period - Shot by Jordan Eberle.
5:33 of 3rd period - Stopped by Chris Driedger without a rebound.
5:34 of 3rd period - John Tavares wins face-off versus Taylor Hall in Capitals zone.
5:39 of 3rd period - Shot by Jordan Eberle.
5:39 of 3rd period - Stopped by Chris Driedger with a rebound.
5:56 of 3rd period - Icing by Adam Larsson.
5:57 of 3rd period - John Tavares wins face-off versus Taylor Hall in Canadiens zone.
6:49 of 3rd period - Shot by Nick Shore.
6:49 of 3rd period - Stopped by Chris Driedger without a rebound.
6:50 of 3rd period - Mike Ribeiro wins face-off versus Ryan Kesler in Capitals zone.
7:07 of 3rd period - Shot by Taylor Hall.
7:07 of 3rd period - Stopped by Jonathan Bernier without a rebound.
7:08 of 3rd period - Nick Shore wins face-off versus Mathieu Perreault in Canadiens zone.
8:04 of 3rd period - Shot by Artturi Lehkonen.
8:04 of 3rd period - Shot Misses the Net.
8:35 of 3rd period - Josh Morrissey is hit by Viktor Stalberg and loses puck.
8:57 of 3rd period - Shot by Jakob Silfverberg.
8:57 of 3rd period - Shot Misses the Net.
9:29 of 3rd period - Shot by Marcus Johansson.
9:29 of 3rd period - Stopped by Chris Driedger without a rebound.
9:30 of 3rd period - Sergey Kalinin wins face-off versus Justin Abdelkader in Capitals zone.
9:30 of 3rd period - Sergey Kalinin is hit by Zack Smith.
9:31 of 3rd period - Sergey Kalinin from Capitals is injured at 9:31 of 3rd period (Bruised Left Shoulder).
9:32 of 3rd period - Taylor Hall wins face-off versus Nick Shore in Capitals zone.
9:32 of 3rd period - Taylor Hall is hit by Justin Abdelkader.
11:11 of 3rd period - Shot by Mike Green.
11:11 of 3rd period - Stopped by Jonathan Bernier without a rebound.
11:12 of 3rd period - John Tavares wins face-off versus Ryan Kesler in Canadiens zone.
11:22 of 3rd period - Shot by Lukas Sedlak.
11:22 of 3rd period - Shot Misses the Net.
11:24 of 3rd period - Shot by Ryan Kesler.
11:24 of 3rd period - Deflect By David Desharnais.
11:24 of 3rd period - Shot Misses the Net.
11:26 of 3rd period - Shot by Ryan Kesler.
11:26 of 3rd period - Stopped by Jonathan Bernier without a rebound.
11:27 of 3rd period - Ryan Kesler wins face-off versus Artturi Lehkonen in Canadiens zone.
11:44 of 3rd period - Shot by Teuvo Teravainen.
11:44 of 3rd period - Goal by Teuvo Teravainen - Capitals : 0 - Canadiens : 6.
11:45 of 3rd period - Alexander Ovechkin wins face-off versus John Tavares in neutral zone.
11:52 of 3rd period - Shot by Alexander Ovechkin.
11:52 of 3rd period - Stopped by Jonathan Bernier without a rebound.
11:53 of 3rd period - Ryan Kesler wins face-off versus Auston Matthews in Canadiens zone.
11:53 of 3rd period - Ryan Kesler is hit by Ian Cole.
11:55 of 3rd period - Shot by Morgan Rielly.
11:55 of 3rd period - Stopped by Jonathan Bernier without a rebound.
11:56 of 3rd period - Ryan Kesler wins face-off versus Auston Matthews in Canadiens zone.
12:10 of 3rd period - Adam Larsson is hit by Ryan Kesler and loses puck.
12:53 of 3rd period - Shot by John Tavares.
12:53 of 3rd period - Deflect By Marcus Johansson.
12:53 of 3rd period - Stopped by Chris Driedger with a rebound.
12:55 of 3rd period - Shot by John Tavares.
12:55 of 3rd period - Shot Misses the Net.
13:07 of 3rd period - Shot by John Tavares.
13:07 of 3rd period - Shot Blocked by Calvin de Haan.
13:09 of 3rd period - Shot by Cam Fowler.
13:09 of 3rd period - Shot Misses the Net.
13:14 of 3rd period - Icing by Mike Green.
13:15 of 3rd period - Mike Ribeiro wins face-off versus Cody Eakin in Capitals zone.
13:15 of 3rd period - Artturi Lehkonen is hit by Calvin de Haan and loses puck.
13:43 of 3rd period - Ryan Kesler is hit by Ivan Provorov and loses puck.
13:52 of 3rd period - Shot by Ryan Kesler.
13:52 of 3rd period - Shot Misses the Net.
14:06 of 3rd period - Shot by Viktor Stalberg.
14:06 of 3rd period - Shot Misses the Net.
14:20 of 3rd period - Shot by Mathieu Perreault.
14:20 of 3rd period - Stopped by Jonathan Bernier without a rebound.
14:21 of 3rd period - Auston Matthews wins face-off versus Alexander Ovechkin in Canadiens zone.
14:51 of 3rd period - Icing by Gustav Nyquist.
14:52 of 3rd period - Mathieu Perreault wins face-off versus Auston Matthews in Canadiens zone.
14:53 of 3rd period - Shot by Cody Eakin.
14:53 of 3rd period - Stopped by Jonathan Bernier with a rebound.
14:56 of 3rd period - Minor Penalty to Adam Larsson for Tripping.
14:57 of 3rd period - Zack Smith wins face-off versus Ryan Kesler in Canadiens zone.
15:27 of 3rd period - Shot by Ryan Kesler.
15:27 of 3rd period - Stopped by Jonathan Bernier without a rebound.
15:28 of 3rd period - Viktor Stalberg wins face-off versus Nick Shore in Canadiens zone.
15:41 of 3rd period - Viktor Stalberg is hit by Jay Bouwmeester.
16:54 of 3rd period - Off-side.
16:55 of 3rd period - Zack Smith wins face-off versus Ryan Kesler in neutral zone.
17:10 of 3rd period - Shot by Ryan Kesler.
17:10 of 3rd period - Stopped by Jonathan Bernier with a rebound.
17:12 of 3rd period - Shot by Morgan Rielly.
17:12 of 3rd period - Shot Blocked by Ivan Provorov.
17:14 of 3rd period - Shot by Ryan Kesler.
17:14 of 3rd period - Stopped by Jonathan Bernier without a rebound.
17:15 of 3rd period - Ryan Kesler wins face-off versus Mike Ribeiro in Canadiens zone.
17:52 of 3rd period - Icing by Teuvo Teravainen.
17:53 of 3rd period - Mike Ribeiro wins face-off versus Mathieu Perreault in Canadiens zone.
18:27 of 3rd period - Icing by Adam Larsson.
18:28 of 3rd period - Mike Ribeiro wins face-off versus Alexander Ovechkin in Canadiens zone.
18:32 of 3rd period - Icing by Artturi Lehkonen.
18:33 of 3rd period - Mike Ribeiro wins face-off versus Alexander Ovechkin in Canadiens zone.
19:02 of 3rd period - Shot by Lukas Sedlak.
19:02 of 3rd period - Stopped by Jonathan Bernier without a rebound.
19:03 of 3rd period - Ryan Kesler wins face-off versus John Tavares in Canadiens zone.
Goals for this period are 0 for Capitals vs 1 for Canadiens.
Shots for this period are 11 for Capitals vs 9 for Canadiens.